[Event "ICC tourney 2287 (60 10)"]
[Site "Internet Chess Club"]
[Date "2021.01.10"]
[Round "4"]
[White "rvidapu3"]
[Black "mnm1"]
[Result "1-0"]
[ICCResult "Black checkmated"]
[WhiteElo "1209"]
[BlackElo "1508"]
[Opening "Sicilian: Grand Prix attack"]
[ECO "B21"]
[NIC "SI.48"]
[Time "10:01:25"]
[PlyCount "129"]
[TimeControl "3600+10"]

1. e4 c5 2. f4 d6 3. Nf3 Nc6 4. d3 Nf6 5. Be2 Bd7 6. O-O e6 7. h3 Be7 8.
Be3 O-O 9. c3 b5 10. Nbd2 a5 11. Qe1 b4 12. e5 Nd5 13. Bf2 Nxf4 14. exd6
Bxd6 15. Rc1 Qf6 16. Ne4 Qe7 17. Nxd6 Qxd6 18. cxb4 cxb4 19. Bc5 Qd5 20.
Bxf8 Rxf8 21. Qd2 e5 22. Bd1 Qxd3 23. Qxd3 Nxd3 24. Rc2 f5 25. Rd2 e4 26.
Bb3+ Kh8 27. Ng5 Nce5 28. Nxe4 Re8 29. Nd6 Rc8 30. Nxc8 Bxc8 31. Rc1 Bb7
32. Rc7 Ba6 33. Ra7 g6 34. Rxa6 Kg7 35. Bc2 Nxb2 36. Ra7+ Kh6 37. Bb3 Nbd3
38. h4 Nc6 39. Rc7 Nce5 40. Bg8 Kh5 41. Rxh7+ Kg4 42. Rxd3 Nxd3 43. Rh6 Nc5
44. Rxg6+ Kh5 45. Rc6 Nd3 46. Bf7+ Kg4 47. Ra6 Kxh4 48. Rxa5 Nc1 49. Rxf5
Ne2+ 50. Kf2 Nd4 51. Rf4+ Kg5 52. Rxd4 Kf6 53. Rxb4 Kxf7 54. a4 Ke7 55. a5
Kd7 56. a6 Kc7 57. a7 Kc6 58. a8=Q+ Kc5 59. Qb7 Kd6 60. Rd4+ Ke6 61. Qd5+
Ke7 62. Re4+ Kf8 63. Qf5+ Kg7 64. Rg4+ Kh8 65. Qh5# { Black checkmated }
1-0

[Event "ICC tourney 2287 (60 10)"]
[Site "Internet Chess Club"]
[Date "2021.01.10"]
[Round "4"]
[White "bhavyat"]
[Black "TweensGambit"]
[Result "0-1"]
[ICCResult "White checkmated"]
[WhiteElo "1475"]
[BlackElo "1383"]
[Opening "Queen's pawn, Mason variation"]
[ECO "D00"]
[NIC "QP.08"]
[Time "10:01:18"]
[PlyCount "84"]
[TimeControl "3600+10"]

1. d4 d5 2. Bf4 Nf6 3. e3 Bf5 4. c4 c6 5. Nc3 e6 6. Qb3 Qb6 7. c5 Qxb3 8.
axb3 a6 9. b4 Ne4 10. Nge2 f6 11. b5 g5 12. Bxb8 Rxb8 13. bxa6 bxa6 14.
Rxa6 Rxb2 15. Rxc6 Kd7 16. Ra6 Rc2 17. Nxe4 Bxe4 18. Ng3 Bg6 19. Bb5+ Ke7
20. O-O Rb2 21. Ra7+ Kd8 22. Be2 h5 23. Re1 h4 24. Nf1 e5 25. Bf3 e4 26.
Be2 f5 27. Ra5 Rh7 28. Rb5 Rb7 29. Rxb7 Rxb7 30. Rc1 Be8 31. Bd1 Bc6 32. f3
Kd7 33. fxe4 fxe4 34. Rc2 Rb1 35. Bg4+ Kc7 36. Rf2 Bh6 37. Rf7+ Kd8 38. Rf6
Bb5 39. Rf2 Re1 40. Be6 g4 41. c6 Bxe3 42. Bxd5 Rxf1# { White checkmated }
0-1

[Event "ICC tourney 2287 (60 10)"]
[Site "Internet Chess Club"]
[Date "2021.01.10"]
[Round "4"]
[White "Il123"]
[Black "phosur"]
[Result "1-0"]
[ICCResult "Black resigns"]
[WhiteElo "1461"]
[BlackElo "1347"]
[Opening "Ruy Lopez: Trajkovic counter-attack"]
[ECO "C78"]
[NIC "RL.12"]
[Time "10:01:25"]
[PlyCount "63"]
[TimeControl "3600+10"]

1. e4 e5 2. Nf3 Nc6 3. Bb5 a6 4. Ba4 Nf6 5. O-O b5 6. Bb3 Bb7 7. Re1 Be7 8.
c3 O-O 9. d4 exd4 10. cxd4 d5 11. e5 Ne4 12. Nbd2 Bb4 13. a3 Bxd2 14. Bxd2
Bc8 15. h3 Kh8 16. Qc2 Bb7 17. Bf4 f6 18. exf6 Rxf6 19. Bg5 Nxg5 20. Nxg5
g6 21. Qc5 Na5 22. Ba2 h6 23. Ne6 Qd6 24. Qxc7 Qxc7 25. Nxc7 Raf8 26. f3
Nc4 27. Bxc4 bxc4 28. Re5 Rf5 29. Rae1 Rc8 30. Re7 a5 31. Nb5 Rb8 32. Nd6 {
Black resigns } 1-0

[Event "ICC tourney 2287 (60 10)"]
[Site "Internet Chess Club"]
[Date "2021.01.10"]
[Round "4"]
[White "MiaTbim"]
[Black "fluffyfloofers"]
[Result "0-1"]
[ICCResult "White checkmated"]
[WhiteElo "1007"]
[BlackElo "1157"]
[Opening "Sicilian: Kan, 5.Nc3"]
[ECO "B43"]
[NIC "SI.41"]
[Time "10:02:12"]
[PlyCount "146"]
[TimeControl "3600+10"]

1. e4 c5 2. Nf3 e6 3. d4 cxd4 4. Nxd4 a6 5. Nc3 Qc7 6. Be2 b5 7. a3 Bb7 8.
O-O Nf6 9. Bd3 d6 10. Nf3 Be7 11. Re1 Nbd7 12. Bg5 O-O 13. Qd2 Rfe8 14.
Rad1 Rac8 15. Re3 h6 16. Bh4 Ng4 17. Re2 Bxh4 18. Nxh4 d5 19. Nf3 Nde5 20.
Nxe5 Qxe5 21. g3 Qc7 22. h3 Ne5 23. Qf4 Nxd3 24. Qxc7 Rxc7 25. cxd3 dxe4
26. dxe4 Rcc8 27. Rd7 Bc6 28. Rd6 Kf8 29. Red2 Ke7 30. e5 Red8 31. h4 Rd7
32. Ne4 Rcd8 33. Rxd7+ Rxd7 34. Rxd7+ Bxd7 35. f4 Bc6 36. Nf2 f6 37. exf6+
Kxf6 38. Kh2 e5 39. Ng4+ Kf5 40. Nxe5 Be4 41. Kg1 Kf6 42. Kf2 Ke6 43. Ke3
Kd5 44. g4 g6 45. h5 gxh5 46. gxh5 Bc2 47. Nf7 Bd1 48. Nxh6 Bxh5 49. Nf5
Kc4 50. Ng3 Be8 51. f5 Kb3 52. Kd3 Kxb2 53. f6 Kxa3 54. Nf5 b4 55. Nd6 Bh5
56. Nc4+ Ka2 57. Kc2 b3+ 58. Kc1 Bf7 59. Nb2 a5 60. Na4 Ka1 61. Nb2 Be8 62.
Na4 Bxa4 63. f7 b2+ 64. Kd2 b1=Q 65. f8=Q Qc2+ 66. Ke3 Qc3+ 67. Kf4 Qc4+
68. Kg5 Qd5+ 69. Kg6 Bc2+ 70. Kg7 Qg5+ 71. Kh8 Qh5+ 72. Kg7 Qg6+ 73. Kh8
Qh7# { White checkmated } 0-1

[Event "ICC tourney 2287 (60 10)"]
[Site "Internet Chess Club"]
[Date "2021.01.10"]
[Round "5"]
[White "thihansa"]
[Black "angelinachess"]
[Result "1-0"]
[ICCResult "Black checkmated"]
[WhiteElo "1231"]
[BlackElo "1197"]
[Opening "Giuoco Piano"]
[ECO "C54"]
[NIC "IG.02"]
[Time "13:00:09"]
[PlyCount "145"]
[TimeControl "3600+10"]

1. e4 e5 2. Nf3 Nc6 3. Bc4 Bc5 4. c3 Nf6 5. d3 d6 6. Bb3 O-O 7. O-O Bg4 8.
Nbd2 h6 9. Re1 Qe7 10. h3 Be6 11. Bc2 Rad8 12. Nf1 Nh5 13. Be3 Bb6 14. Bb3
Qf6 15. Qd2 Nf4 16. Ng3 Ne7 17. Bxf4 exf4 18. Nh5 Qg6 19. Nxf4 Qh7 20. Bxe6
Rde8 21. Bb3 h5 22. Nd5 Nxd5 23. Bxd5 c6 24. Bb3 Kh8 25. Qg5 f6 26. Qd2 Qg6
27. Nh4 Qh7 28. Nf5 Rd8 29. Ne3 Qh6 30. Nc4 Qg6 31. Nxb6 axb6 32. Qe3 c5
33. Qg3 Qh6 34. Rad1 g5 35. Qe3 Kg7 36. h4 Rde8 37. Ba4 Re5 38. Qc1 Qg6 39.
d4 Rxe4 40. Rxe4 Qxe4 41. Qe3 Qxh4 42. Qg3 Qxg3 43. fxg3 Ra8 44. Bb3 Re8
45. Kf2 Re4 46. Re1 Rxe1 47. Kxe1 Kg6 48. Bc2+ f5 49. Kf2 g4 50. Ke3 Kg5
51. Kf2 f4 52. Be4 fxg3+ 53. Kxg3 h4+ 54. Kf2 h3 55. gxh3 gxh3 56. Kg3 Kf6
57. Kxh3 Ke6 58. Bxb7 Kd7 59. d5 Kc7 60. Bc6 Kd8 61. b4 Kc7 62. Kg4 Kb8 63.
Kf5 Ka7 64. bxc5 bxc5 65. a4 Kb6 66. Ke6 Kc7 67. a5 Kd8 68. Kxd6 Kc8 69.
Kxc5 Kc7 70. a6 Kd8 71. a7 Kc7 72. d6+ Kd8 73. a8=Q# { Black checkmated }
1-0

[Event "ICC tourney 2287 (60 10)"]
[Site "Internet Chess Club"]
[Date "2021.01.10"]
[Round "5"]
[White "chessamongus"]
[Black "Smartypants915"]
[Result "0-1"]
[ICCResult "White checkmated"]
[WhiteElo "1705"]
[BlackElo "1505"]
[Opening "Pirc defense"]
[ECO "B07"]
[NIC "PU.04"]
[Time "13:00:17"]
[PlyCount "154"]
[TimeControl "3600+10"]

1. e4 d6 2. d4 Nf6 3. Nc3 g6 4. f3 a6 5. Be3 Nbd7 6. Qd2 b5 7. g4 h5 8. g5
Nh7 9. h4 Nb6 10. Bf2 Bb7 11. Nh3 Qd7 12. Nf4 Bg7 13. Bh3 e6 14. d5 Nf8 15.
dxe6 fxe6 16. Bxb6 cxb6 17. Ncd5 Bxd5 18. exd5 Qc7 19. c3 e5 20. Nd3 Nd7
21. f4 O-O-O 22. fxe5 dxe5 23. O-O-O Kb8 24. Kb1 Nc5 25. Nb4 Kb7 26. d6 Qf7
27. Rhf1 Qc4 28. Bg2+ e4 29. Qd5+ Qxd5 30. Rxd5 Rhf8 31. Re1 Rf4 32. Nc2
Rxh4 33. b4 Na4 34. Kc1 Nxc3 35. Rd2 Nxa2+ 36. Kb1 Bc3 37. Rxe4 Rxe4 38.
Bxe4+ Kb8 39. Rd3 Nxb4 40. Nxb4 Bxb4 41. Bxg6 Rxd6 42. Rxd6 Bxd6 43. Bxh5
Be5 44. Bg4 Kc7 45. Be6 a5 46. Ka2 Kd6 47. Bf7 Kc5 48. Kb3 a4+ 49. Ka3 Bd6
50. Kb2 b4 51. g6 Be5+ 52. Ka2 Kb5 53. Be8+ Ka5 54. Bf7 b3+ 55. Bxb3 axb3+
56. Kxb3 Kb5 57. Ka2 Kc4 58. Kb1 Kb3 59. Kc1 b5 60. Kb1 b4 61. g7 Bxg7 62.
Kc1 Ka2 63. Kc2 b3+ 64. Kc1 b2+ 65. Kd2 b1=Q 66. Ke3 Qc2 67. Kf4 Qe2 68.
Kf5 Qe3 69. Kg6 Qf4 70. Kxg7 Qf5 71. Kh6 Qg4 72. Kh7 Kb3 73. Kh6 Kc4 74.
Kh7 Kd5 75. Kh6 Ke6 76. Kh7 Kf7 77. Kh6 Qg6# { White checkmated } 0-1

[Event "ICC tourney 2287 (60 10)"]
[Site "Internet Chess Club"]
[Date "2021.01.10"]
[Round "5"]
[White "Il123"]
[Black "xiaoyiyi"]
[Result "0-1"]
[ICCResult "White resigns"]
[WhiteElo "1461"]
[BlackElo "1422"]
[Opening "Sicilian: Kan, 5.Nc3"]
[ECO "B43"]
[NIC "SI.41"]
[Time "13:00:22"]
[PlyCount "88"]
[TimeControl "3600+10"]

1. e4 c5 2. Nf3 e6 3. d4 cxd4 4. Nxd4 a6 5. Nc3 Qc7 6. Be3 Bb4 7. Bd2 Nf6
8. f3 Bd6 9. g3 b5 10. a3 Bb7 11. Bg2 Nc6 12. Be3 O-O 13. O-O Bc5 14. Re1
Qb6 15. e5 Ne8 16. f4 Bxd4 17. Bxd4 Nxd4 18. Bxb7 Nf5+ 19. Kf1 Qxb7 20. Ne4
Qb6 21. Qd3 d6 22. exd6 Nexd6 23. Nxd6 Qxd6 24. Qxd6 Nxd6 25. b3 Rac8 26.
Re2 Nf5 27. Rd1 Rfd8 28. Ke1 Rxd1+ 29. Kxd1 Nd4 30. Rd2 Rd8 31. Kc1 Kf8 32.
Kb2 Ke7 33. Kc3 Nc6 34. Re2 Kf6 35. g4 h6 36. Re4 Rc8 37. Kb2 e5 38. fxe5+
Nxe5 39. h4 Re8 40. a4 Nc4+ 41. Rxc4 bxc4 42. bxc4 Re4 43. Kb3 Rxg4 44. Kb4
Ke6 { White resigns } 0-1

[Event "ICC tourney 2287 (60 10)"]
[Site "Internet Chess Club"]
[Date "2021.01.10"]
[Round "5"]
[White "VickyV2011"]
[Black "SASofia"]
[Result "1-0"]
[ICCResult "Black checkmated"]
[WhiteElo "1056"]
[BlackElo "1302"]
[Opening "Queen's pawn game, Chigorin variation"]
[ECO "D02"]
[NIC "QP.08"]
[Time "13:00:19"]
[PlyCount "137"]
[TimeControl "3600+10"]

1. d4 d5 2. Nf3 Nc6 3. Bf4 Bf5 4. c3 Nf6 5. e3 e6 6. Bd3 Bg6 7. Qc2 Be7 8.
Nbd2 Qd7 9. h3 O-O-O 10. O-O-O Na5 11. Ne5 Bxd3 12. Qxd3 Qe8 13. Kb1 Nd7
14. Ndf3 Nb6 15. Nd2 Bf6 16. Ng4 Qe7 17. e4 Bg5 18. Bxg5 Qxg5 19. Ne5 Qe7
20. Qb5 Nac4 21. Ndxc4 dxc4 22. Nxc4 Nxc4 23. Qxc4 Qh4 24. Qe2 Rhe8 25. f3
e5 26. dxe5 Rxe5 27. Rxd8+ Qxd8 28. Rd1 Qe8 29. Qd2 Re6 30. Qf4 Rf6 31.
Qg4+ Kb8 32. Qd7 Qxd7 33. Rxd7 b6 34. Kc2 Kb7 35. Kd3 Kc6 36. Rd5 Rg6 37.
g4 Rh6 38. Rh5 Rd6+ 39. Kc4 h6 40. Rd5 Rf6 41. Rf5 Rxf5 42. gxf5 b5+ 43.
Kd4 Kd6 44. e5+ Kc6 45. b4 g6 46. fxg6 fxg6 47. c4 a6 48. c5 g5 49. e6 h5
50. e7 Kd7 51. Ke5 Kxe7 52. Kf5 Kd7 53. Kxg5 Kc6 54. f4 Kd5 55. f5 Ke5 56.
Kg6 a5 57. bxa5 b4 58. f6 b3 59. axb3 Kd5 60. f7 Kxc5 61. f8=Q+ Kb5 62.
Qf5+ c5 63. Qxh5 Kb4 64. a6 Kb5 65. a7 Kb4 66. a8=Q Kxb3 67. Qxc5 Kb2 68.
Qb8+ Ka2 69. Qa5# { Black checkmated } 1-0

[Event "ICC tourney 2287 (60 10)"]
[Site "Internet Chess Club"]
[Date "2021.01.10"]
[Round "5"]
[White "SAanjyu"]
[Black "MiaTbim"]
[Result "0-1"]
[ICCResult "White checkmated"]
[WhiteElo "1125"]
[BlackElo "1007"]
[Opening "Sicilian"]
[ECO "B55"]
[NIC "SI.01"]
[Time "13:00:28"]
[PlyCount "104"]
[TimeControl "3600+10"]

1. e4 c5 2. Nf3 d6 3. d4 cxd4 4. Nxd4 Nf6 5. Bd3 g6 6. O-O Bg7 7. Bg5 O-O
8. Nc3 Nc6 9. Nf3 Bg4 10. h3 Bxf3 11. Qxf3 Ne5 12. Qe3 a6 13. Be2 Rc8 14.
f4 Nc6 15. Rad1 h6 16. Bh4 Qc7 17. Qg3 Qb6+ 18. Rf2 Qxb2 19. Rb1 Nxe4 20.
Qe3 Qxc3 21. Qxe4 Bd4 22. Kh2 Bxf2 23. Bxf2 b5 24. Be1 Qd4 25. Qf3 e5 26.
Bc3 Qxf4+ 27. Qxf4 exf4 28. Bf3 Ne5 29. Bxe5 dxe5 30. Bb7 Rxc2 31. Bxa6
Rxa2 32. Bxb5 f3 33. Bf1 fxg2 34. Bxg2 f5 35. Kg3 f4+ 36. Kg4 Rxg2+ 37. Kf3
Rg3+ 38. Ke4 Re3+ 39. Kd5 Rd8+ 40. Ke6 Red3 41. Kxe5 g5 42. Rb6 Re3+ 43.
Kf5 Rf8+ 44. Kg4 h5+ 45. Kxg5 Rg3+ 46. Kxh5 Kg7 47. Rb7+ Rf7 48. Rb6 f3 49.
Kh4 f2 50. Kxg3 f1=Q 51. Kh4 Qf4+ 52. Kh5 Rf5# { White checkmated } 0-1

[Event "ICC tourney 2287 (60 10)"]
[Site "Internet Chess Club"]
[Date "2021.01.10"]
[Round "5"]
[White "chessrani20"]
[Black "bhavyat"]
[Result "0-1"]
[ICCResult "White checkmated"]
[WhiteElo "1095"]
[BlackElo "1475"]
[Opening "Scandinavian defense"]
[ECO "B01"]
[NIC "SD.03"]
[Time "13:00:29"]
[PlyCount "164"]
[TimeControl "3600+10"]

1. e4 d5 2. exd5 Nf6 3. Nc3 Nxd5 4. Nxd5 Qxd5 5. d4 Nc6 6. Nf3 Bg4 7. Be3
Bxf3 8. Qxf3 Qxf3 9. gxf3 O-O-O 10. O-O-O e6 11. Bc4 Be7 12. c3 Bf6 13.
Rhg1 h6 14. a3 Rhf8 15. b4 e5 16. dxe5 Nxe5 17. Be2 Nc6 18. Kc2 a6 19. Rd2
Rxd2+ 20. Kxd2 Rd8+ 21. Kc2 Ne7 22. Bc4 Nd5 23. Rd1 Nxc3 24. Rxd8+ Kxd8 25.
Bxf7 Nb5 26. a4 Nd4+ 27. Kd3 Nxf3 28. Bf4 Ne5+ 29. Bxe5 Bxe5 30. h3 Bd6 31.
b5 axb5 32. axb5 c6 33. bxc6 bxc6 34. Bc4 Bc5 35. f4 Ke7 36. Ke4 Kf6 37. h4
g6 38. Be2 h5 39. Kf3 Bb4 40. Bd3 Be1 41. Ke3 Bxh4 42. Kd4 Bf2+ 43. Ke4 h4
44. Kf3 Bg3 45. Kg2 Bxf4 46. Kh3 Kg5 47. Be4 c5 48. Bc2 Bg3 49. Bd3 Kf6 50.
Kg4 Bf2 51. Kh3 g5 52. Kg2 Be3 53. Kh3 Ke5 54. Kg4 Kd4 55. Bf5 c4 56. Bg6
Kc3 57. Bf5 Kd2 58. Kf3 Bf4 59. Kg4 c3 60. Be4 c2 61. Bxc2 Kxc2 62. Kh3 Kd2
63. Kg4 Ke3 64. Kh3 Be5 65. Kg4 Kf2 66. Kh3 Ba1 67. Kh2 g4 68. Kh1 h3 69.
Kh2 g3+ 70. Kxh3 g2 71. Kg4 g1=Q+ 72. Kf4 Qg3+ 73. Ke4 Qe5+ 74. Kd3 Qd4+
75. Kc2 Ke2 76. Kb3 Qc3+ 77. Ka4 Qb2 78. Ka5 Kd3 79. Ka6 Kc4 80. Ka7 Kc5
81. Ka8 Kc6 82. Ka7 Qb7# { White checkmated } 0-1

[Event "ICC tourney 2287 (60 10)"]
[Site "Internet Chess Club"]
[Date "2021.01.10"]
[Round "5"]
[White "MeeraBLab"]
[Black "mnm1"]
[Result "0-1"]
[ICCResult "White resigns"]
[WhiteElo "1177"]
[BlackElo "1508"]
[Opening "Sicilian: closed"]
[ECO "B23"]
[NIC "SI.44"]
[Time "13:01:02"]
[PlyCount "66"]
[TimeControl "3600+10"]

1. e4 c5 2. Nc3 d6 3. g3 Nc6 4. Bg2 Nf6 5. Nge2 e6 6. d3 Be7 7. O-O O-O 8.
f4 Bd7 9. Be3 Rc8 10. h3 d5 11. e5 Ne8 12. Bd2 Nc7 13. Qe1 f6 14. g4 fxe5
15. fxe5 Nxe5 16. Qg3 Nc6 17. Bf4 Bh4 18. Bxc7 Rxf1+ 19. Rxf1 Rxc7 20. Qf3
Qe7 21. Qf4 Rc8 22. d4 c4 23. Nb5 Rf8 24. Qc7 Rxf1+ 25. Bxf1 Qf7 26. Ng3
Be8 27. Qxf7+ Kxf7 28. Kg2 Ke7 29. Nc3 Nxd4 30. Nh5 Bxh5 31. gxh5 Nxc2 32.
Kf3 Kf6 33. Bg2 Ne1+ { White resigns } 0-1

[Event "ICC tourney 2287 (60 10)"]
[Site "Internet Chess Club"]
[Date "2021.01.10"]
[Round "5"]
[White "rkanury1"]
[Black "che8642"]
[Result "1-0"]
[ICCResult "Black checkmated"]
[WhiteElo "1672"]
[BlackElo "1563"]
[Opening "Sicilian: Alapin's variation (2.c3)"]
[ECO "B22"]
[NIC "SI.46"]
[Time "13:00:15"]
[PlyCount "113"]
[TimeControl "3600+10"]

1. e4 c5 2. c3 d5 3. exd5 Qxd5 4. d4 Nf6 5. Nf3 Bg4 6. Be2 Nc6 7. O-O e6 8.
h3 Bh5 9. Be3 Rd8 10. dxc5 Bxc5 11. Qxd5 Rxd5 12. c4 Rf5 13. g4 Nxg4 14.
hxg4 Bxg4 15. Bxc5 Rxc5 16. Nbd2 Ne5 17. b4 Nxf3+ 18. Bxf3 Rg5 19. Ne4 Rg6
20. Bxg4 Rxg4+ 21. Ng3 Rxc4 22. Rac1 Rd4 23. Rc8+ Rd8 24. Rfc1 Ke7 25.
R1c7+ Kf6 26. Rxd8 Rxd8 27. Rxb7 Rd4 28. a4 g6 29. a5 h5 30. b5 Rb4 31. a6
h4 32. Ne2 Rb1+ 33. Kg2 h3+ 34. Kxh3 Rb2 35. Ng3 Ke5 36. Rxa7 Rxb5 37. Rxf7
Ra5 38. a7 Kd6 39. Ne4+ Kc6 40. f4 Kb6 41. Kg4 Rxa7 42. Rxa7 Kxa7 43. Kg5
Kb6 44. Kf6 Kc6 45. Kxe6 Kc7 46. Kf6 Kd7 47. Kxg6 Ke7 48. f5 Kf8 49. Kf6
Kg8 50. Ke7 Kg7 51. f6+ Kg8 52. f7+ Kh7 53. f8=Q Kg6 54. Qf6+ Kh7 55. Ng5+
Kg8 56. Qf7+ Kh8 57. Qh7# { Black checkmated } 1-0

[Event "ICC tourney 2287 (60 10)"]
[Site "Internet Chess Club"]
[Date "2021.01.10"]
[Round "5"]
[White "PrincessOfChess"]
[Black "rvidapu3"]
[Result "1-0"]
[ICCResult "Black checkmated"]
[WhiteElo "1526"]
[BlackElo "1209"]
[Opening "French: advance, Milner-Barry gambit"]
[ECO "C02"]
[NIC "FR.03"]
[Time "13:00:08"]
[PlyCount "113"]
[TimeControl "3600+10"]

1. e4 e6 2. d4 d5 3. e5 c5 4. c3 Nc6 5. Nf3 Qb6 6. Bd3 Bd7 7. O-O Be7 8. a4
cxd4 9. cxd4 Nxd4 10. Nxd4 Qxd4 11. Re1 Qb6 12. Re2 f6 13. Nc3 fxe5 14.
Rxe5 Nf6 15. a5 Qd6 16. Bf4 Qb4 17. Bd2 Qd4 18. Qe2 O-O 19. h3 Bd6 20. Rg5
Rae8 21. g3 Bc6 22. Nd1 Ne4 23. Bxe4 dxe4 24. Bc3 Rxf2 25. Qxf2 Qxf2+ 26.
Kxf2 Rf8+ 27. Ke1 g6 28. Ne3 Rf3 29. Nf1 a6 30. Rd1 Be7 31. Rg4 Bb5 32. Rf4
Rxf4 33. gxf4 Bh4+ 34. Kd2 Kf7 35. Ke3 Ke7 36. Kxe4 Bc6+ 37. Ke3 g5 38.
fxg5 Bxg5+ 39. Kf2 Bd5 40. Ne3 Bb3 41. Bb4+ Kf7 42. Rd7+ Kg6 43. Rxb7 Bxe3+
44. Kxe3 Bc4 45. Bc3 Bb5 46. Kf4 Bc4 47. b4 h5 48. h4 Kh6 49. Rg7 Bb5 50.
Rg5 Bc4 51. Bg7+ Kh7 52. Bf8 Bb5 53. Rxh5+ Kg8 54. Bd6 Kf7 55. Rh7+ Kf6 56.
h5 Bd3 57. Be7# { Black checkmated } 1-0

[Event "ICC tourney 2287 (60 10)"]
[Site "Internet Chess Club"]
[Date "2021.01.10"]
[Round "5"]
[White "phosur"]
[Black "fluffyfloofers"]
[Result "1/2-1/2"]
[ICCResult "Game drawn by mutual agreement"]
[WhiteElo "1347"]
[BlackElo "1157"]
[Opening "Sicilian: Kan, 5.Nc3"]
[ECO "B43"]
[NIC "SI.41"]
[Time "13:00:07"]
[PlyCount "114"]
[TimeControl "3600+10"]

1. e4 c5 2. Nf3 e6 3. d4 cxd4 4. Nxd4 a6 5. Nc3 Qc7 6. a3 b5 7. Be3 Bb7 8.
Be2 Nf6 9. f3 d6 10. O-O Be7 11. Kh1 O-O 12. Bd3 Nbd7 13. f4 Rac8 14. Rf3
Nc5 15. Rh3 Ncxe4 16. Nxe4 Nxe4 17. Bxe4 Bxe4 18. c3 Qb7 19. Qe2 Bf6 20.
Rg1 Rfe8 21. Qg4 Qe7 22. f5 exf5 23. Qh5 f4 24. Bxf4 Qd7 25. Nf3 Qf5 26.
Bxd6 Qxh5 27. Rxh5 Rcd8 28. Bf4 Bxf3 29. gxf3 Re2 30. Bg5 Bxg5 31. Rhxg5 g6
32. R5g2 Rdd2 33. Rxe2 Rxe2 34. Rg2 Rxg2 35. Kxg2 Kf8 36. Kf2 Ke7 37. Ke3
Kd7 38. Kd3 Kc7 39. f4 Kd7 40. c4 bxc4+ 41. Kxc4 Kc6 42. b4 f6 43. a4 g5
44. fxg5 fxg5 45. b5+ axb5+ 46. axb5+ Kb6 47. Kd5 Kxb5 48. Ke5 Kc4 49. Kf5
h6 50. Kg6 g4 51. Kxh6 Kd5 52. Kh5 Ke6 53. Kxg4 Kf7 54. Kh5 Kg8 55. Kg6 Kh8
56. h4 Kg8 57. h5 Kh8 { Game drawn by mutual agreement } 1/2-1/2

[Event "ICC tourney 2287 (60 10)"]
[Site "Internet Chess Club"]
[Date "2021.01.10"]
[Round "5"]
[White "cherrychopper"]
[Black "TweensGambit"]
[Result "0-1"]
[ICCResult "White resigns"]
[WhiteElo "1380"]
[BlackElo "1383"]
[Opening "Sicilian: Alapin's variation (2.c3)"]
[ECO "B22"]
[NIC "SI.47"]
[Time "13:00:15"]
[PlyCount "194"]
[TimeControl "3600+10"]

1. e4 c5 2. c3 Nf6 3. e5 Nd5 4. d4 cxd4 5. cxd4 e6 6. Nf3 Nc6 7. a3 Be7 8.
Bd3 b6 9. O-O O-O 10. Be3 Bb7 11. Nbd2 h6 12. Rc1 d6 13. Bb5 Rc8 14. Qa4
Qd7 15. exd6 Bxd6 16. Ne4 Bb8 17. Rc2 a6 18. Bxa6 Bxa6 19. Qxa6 Nce7 20.
Rxc8 Rxc8 21. Ned2 Nf5 22. Qd3 Bf4 23. Bxf4 Nxf4 24. Qe4 Qd6 25. Nb3 Nd5
26. Ne5 Nf6 27. Qb7 Rc7 28. Qb8+ Kh7 29. Qa8 Nxd4 30. Nxd4 Qxd4 31. Nf3
Qxb2 32. Qd8 Rd7 33. Qa8 Qb3 34. Ne5 Rd1 35. Qa6 Ne4 36. Qe2 Rxf1+ 37. Qxf1
Qxa3 38. Nxf7 Nd2 39. Qd1 Qd3 40. Qc1 Nb3 41. Qe1 Qd2 42. Qe4+ Kg8 43.
Nxh6+ Qxh6 44. Qa8+ Kh7 45. Qe4+ Qg6 46. Qh4+ Qh6 47. Qe4+ g6 48. Qb7+ Qg7
49. Qa6 Na5 50. h3 Qb7 51. Qe2 b5 52. Qg4 b4 53. Qh4+ Kg7 54. Qd4+ Kf7 55.
Qf4+ Kg8 56. Qf6 Qf7 57. Qd8+ Qf8 58. Qxa5 Qd6 59. Qa8+ Kg7 60. Qb7+ Kh6
61. Qb5 Qd1+ 62. Kh2 Qd6+ 63. Kg1 Qd1+ 64. Kh2 b3 65. Qb4 g5 66. Qf8+ Kg6
67. Qg8+ Kf6 68. Qh8+ Kf5 69. Qh7+ Ke5 70. Qg7+ Kf5 71. Qf7+ Ke5 72. Qg7+
Ke4 73. Qh7+ Ke5 74. Qg7+ Kf5 75. Qh7+ Kf6 76. Qh8+ Ke7 77. Qg7+ Kd6 78.
Qf8+ Kc7 79. Qc5+ Kd7 80. Qa7+ Ke8 81. Qb8+ Kf7 82. Qb7+ Kf6 83. Qb8 Qd5
84. Qf8+ Ke5 85. Qb8+ Ke4 86. Qb4+ Kd3 87. Qb8 Kd4 88. Qb4+ Kd3 89. Qb8 Ke2
90. f3 Kd3 91. Kh1 Qc4 92. Qd6+ Kc2 93. Qb6 b2 94. Qf2+ Kb3 95. Qb6+ Ka2
96. Qa5+ Kb1 97. Qe1+ Qc1 { White resigns } 0-1

[Event "ICC tourney 2287 (60 10)"]
[Site "Internet Chess Club"]
[Date "2021.01.10"]
[Round "5"]
[White "TigerSahi"]
[Black "pusheen2019"]
[Result "1-0"]
[ICCResult "Black resigns"]
[WhiteElo "1662"]
[BlackElo "1499"]
[Opening "QGD Slav: exchange variation, 6.Bf4 Bf5"]
[ECO "D14"]
[NIC "SL.02"]
[Time "13:00:12"]
[PlyCount "91"]
[TimeControl "3600+10"]

1. d4 d5 2. c4 c6 3. cxd5 cxd5 4. Nf3 Nf6 5. Nc3 Nc6 6. Bf4 Bf5 7. e3 e6 8.
Qb3 Qd7 9. Ne5 Qc8 10. Bb5 a6 11. Bxc6+ bxc6 12. Qa4 Rb8 13. Nxc6 Rxb2 14.
Ne5+ Nd7 15. Qxd7+ Qxd7 16. Nxd7 Kxd7 17. O-O Ba3 18. f3 Rc8 19. Na4 Rb5
20. e4 dxe4 21. Rab1 Rc6 22. Rb3 Rxb3 23. axb3 exf3 24. Rxf3 Bc2 25. Bd2
Ke7 26. Be1 h6 27. Nc5 Bb2 28. Bc3 Bc1 29. Bb4 Bd1 30. Rc3 Bd2 31. Ne4+ Kd7
32. Rxc6 Kxc6 33. Nxd2 Kb5 34. Bf8 a5 35. Bxg7 h5 36. Bf8 Bc2 37. Kf2 Bd1
38. Ke3 Bc2 39. Kf4 Bg6 40. Ne4 a4 41. bxa4+ Kxa4 42. Ng5 Kb5 43. Ke5 Kc4
44. Bc5 Kd3 45. Kf6 Ke2 46. Nxf7 { Black resigns } 1-0

[Event "ICC tourney 2287 (60 10)"]
[Site "Internet Chess Club"]
[Date "2021.01.10"]
[Round "6"]
[White "TweensGambit"]
[Black "chessamongus"]
[Result "0-1"]
[ICCResult "White checkmated"]
[WhiteElo "1383"]
[BlackElo "1705"]
[Opening "Sicilian: Alapin's variation (2.c3)"]
[ECO "B22"]
[NIC "SI.46"]
[Time "16:00:42"]
[PlyCount "118"]
[TimeControl "3600+10"]

1. e4 c5 2. c3 g6 3. d4 cxd4 4. cxd4 d5 5. exd5 Nf6 6. Nf3 Nxd5 7. Nc3 Bg4
8. Be2 Bg7 9. O-O O-O 10. h3 Bc8 11. Bc4 Nb6 12. Bb3 N8d7 13. Bf4 Nf6 14.
Re1 e6 15. Be5 Nbd5 16. Nxd5 Nxd5 17. Rc1 Qd7 18. Bxg7 Kxg7 19. Ne5 Qd6 20.
Nc4 Qd8 21. Ne3 Nf6 22. d5 exd5 23. Nxd5 b6 24. Nxf6 Qxf6 25. Qd2 Bf5 26.
Qc3 Qxc3 27. Rxc3 a5 28. Rc7 a4 29. Bc4 Rac8 30. Rxc8 Rxc8 31. b3 axb3 32.
axb3 Rc7 33. g4 Bc8 34. Rd1 Bd7 35. Rd5 Be6 36. Rd4 Bxc4 37. Rxc4 Rxc4 38.
bxc4 Kf6 39. f4 g5 40. fxg5+ Kxg5 41. Kg2 Kf4 42. Kf2 Ke4 43. Kg3 Kd4 44.
Kf4 Kxc4 45. Kf5 b5 46. Kf6 b4 47. Kxf7 b3 48. Kg7 b2 49. Kxh7 b1=Q+ 50.
Kh6 Qh1 51. g5 Qxh3+ 52. Kg6 Kd5 53. Kf6 Qe6+ 54. Kg7 Ke5 55. g6 Kf5 56.
Kh7 Qxg6+ 57. Kh8 Qg5 58. Kh7 Kf6 59. Kh8 Qg7# { White checkmated } 0-1

[Event "ICC tourney 2287 (60 10)"]
[Site "Internet Chess Club"]
[Date "2021.01.10"]
[Round "6"]
[White "SASofia"]
[Black "MiaTbim"]
[Result "1/2-1/2"]
[ICCResult "Game drawn because neither player has mating material"]
[WhiteElo "1302"]
[BlackElo "1007"]
[Opening "Sicilian: dragon variation"]
[ECO "B70"]
[NIC "SI.15"]
[Time "16:00:52"]
[PlyCount "123"]
[TimeControl "3600+10"]

1. e4 c5 2. Nf3 d6 3. Nc3 Nf6 4. d4 cxd4 5. Nxd4 g6 6. Bc4 Bg7 7. O-O O-O
8. Bg5 Nc6 9. Qd2 Bd7 10. Bh6 Rc8 11. Bxg7 Kxg7 12. Rfe1 Ne5 13. Bb5 Bxb5
14. Ncxb5 a6 15. Nc3 Nc4 16. Qg5 Nxb2 17. Nf5+ Kh8 18. Nd5 Nxd5 19. exd5
gxf5 20. Qxf5 Rg8 21. Qxf7 Qf8 22. Qh5 Qg7 23. g3 Nc4 24. Rab1 b5 25. Qh4
Qg5 26. Qd4+ e5 27. dxe6+ Qg7 28. Qh4 Rce8 29. Rbd1 Re7 30. a4 Rge8 31.
axb5 axb5 32. Kg2 Rxe6 33. Rxe6 Rxe6 34. Qd8+ Qg8 35. Qd7 Qa8+ 36. Kg1 Qe8
37. Qxe8+ Rxe8 38. Rd5 Rb8 39. Rd1 Kg7 40. Kf1 Rd8 41. Ke2 d5 42. Rb1 Rb8
43. Kd3 Ne5+ 44. Kd4 Ng4 45. Kxd5 Nxf2 46. Kc5 Ng4 47. Rxb5 Rxb5+ 48. Kxb5
Nxh2 49. c4 Kf7 50. c5 Ke7 51. c6 Kd8 52. Kb6 Kc8 53. c7 Ng4 54. Kc6 Nf6
55. Kd6 Ne4+ 56. Ke6 Nxg3 57. Kf6 h5 58. Kg5 Kxc7 59. Kh4 Kd6 60. Kxg3 Ke6
61. Kh4 Kf6 62. Kxh5 { Game drawn because neither player has mating
material } 1/2-1/2